 Dungeon Crawl Stone Soup version 0.31.0-32-g396128a36d (webtiles) character file.

Game seed: 10531172358370821369

545701 RKaid the Eviscerator (level 24, -8/151 HPs)
             Began as a Felid Berserker on Feb 28, 2024.
             Was the Champion of Trog.
             Killed by the air
             ... invoked by a wind drake
             ... summoned by a white draconian stormcaller
             ... led by a white draconian stormcaller
              (16 damage)
             ... on level 3 of the Realm of Zot on Mar 12, 2024.
             The game lasted 02:53:05 (63278 turns).

RKaid the Eviscerator (Felid Berserker)            Turns: 63278, Time: 02:53:05

Health: -8/151     AC: 15    Str: 21    XL:     24   Next: 89%
Magic:  24/24      EV: 58    Int: 11    God:    Trog [******]
Gold:   4542       SH:  5    Dex: 20    Spells: 23/23 levels left
                                        Lives:  0   Deaths: 8

rFire   + +          .
                       - Unarmed
rCold   + . .        (shield unavailable)
rNeg    . . .        (body armour unavailable)
rPois   ∞            (helmet unavailable)
rElec   +            (cloak unavailable)
rCorr   .            (gloves unavailable)
SInv    +            (boots unavailable)
Will    +++..        y - amulet of reflection
Stlth   ++++++++     Y - ring "Zoss" {+Blink rF++ rC+}
HPRegen 0.45/turn    J - +4 ring of protection
MPRegen 0.19/turn

%: reflection
@: storm-form, on berserk cooldown, flying, slowed, studying Stealth, very slow
A: cleaving, insubstantial, flying, reduced hp, very small, (claws 1), (fangs
3), see invisible, (shaggy fur 3), (stealthy paws), no weapons or thrown items,
no armour, multi-lived
}: 3/15 runes: serpentine, barnacled, silver
a: Blinkbolt, Begin Untransformation, Renounce Religion, Evoke Blink, Berserk,
Trog's Hand, Brothers in Arms


You were on level 3 of the Realm of Zot.
You worshipped Trog.
Trog was exalted by your worship.
You were a lightning-filled tempest!
You visited 10 branches of the dungeon, and saw 46 of its levels.
You also visited: Ice Cave.

You collected 7867 gold pieces.
You spent 3325 gold pieces at shops.

Inventory:

Hand Weapons
 V - a +0 arbalest
   (You took it off a yaktaur on level 2 of the Vaults)
Jewellery
 m - an amulet of regeneration
   (You found it on level 2 of the Vaults)
 n - a ring of positive energy {rN+}
   (You took it off Erica on level 10 of the Dungeon)
 o - a ring of resist corrosion
   (You found it on level 2 of the Realm of Zot)
 x - the ring "Jeix" {^Drain rElec Will+ rCorr MP+9}
   (You found it on level 4 of the Shoals)

   [ring of magical power]

   rElec:     It insulates you from electricity.
   Will+:     It increases your willpower.
   MP+9:      It affects your magic capacity (+9).
   rCorr:     It protects you from acid and corrosion.
   ^Drain:    It drains your maximum health when unequipped.
 y - an amulet of reflection (around neck)
   (You took it off a gnoll on level 8 of the Dungeon)
 J - a +4 ring of protection (right paw)
   (You found it on level 12 of the Dungeon)
 U - the ring "Waawev" {EV+5 Int+2}
   (You found it on level 2 of the Realm of Zot)

   [ring of evasion]

   EV+5:      It affects your evasion (+5).
   Int+2:     It affects your intelligence (+2).
 W - the ring "Suaju" {+Blink Fly rN+ Int+3}
   (You took it off a deep elf annihilator on level 2 of the Vaults)

   [ring of flight]

   Int+3:     It affects your intelligence (+3).
   rN+:       It protects you from negative energy.
   Fly:       It grants you flight.
   +Blink:    It lets you blink.
 X - the ring "Dedghyirch" {rC+ rCorr Str-2 Int+5 Slay+2}
   (You found it on level 2 of the Elven Halls)

   [ring of protection from cold]

   Str-2:     It affects your strength (-2).
   Int+5:     It affects your intelligence (+5).
   Slay+2:    It affects your accuracy & damage with ranged weapons and melee
   (+2).
   rC+:       It protects you from cold.
   rCorr:     It protects you from acid and corrosion.
 Y - the ring "Zoss" (left paw) {+Blink rF++ rC+}
   (You found it on level 3 of the Elven Halls)

   [ring of protection from cold]

   rF++:      It greatly protects you from fire.
   rC+:       It protects you from cold.
   +Blink:    It lets you blink.
Talismans
 g - a talisman of death
   (You bought it in a shop on level 2 of the Snake Pit)
 i - a storm talisman (active)
   (You took it off Sojobo on level 4 of the Vaults)
 C - a serpent talisman
   (You found it on level 11 of the Dungeon)
 I - a blade talisman
   (You found it on level 5 of the Lair of Beasts)
 P - a granite talisman
   (You took it off Roxanne on level 1 of the Snake Pit)
Wands
 r - a wand of polymorph (18)
   (You took it off an orc on level 10 of the Dungeon)
 u - a wand of mindburst (10)
   (You found it on level 7 of the Dungeon)
 w - a wand of roots (72)
   (You found it on level 7 of the Dungeon)
 z - a wand of light (20)
   (You took it off a gnoll on level 8 of the Dungeon)
 A - a wand of paralysis (47)
   (You took it off Erica on level 10 of the Dungeon)
 B - a wand of flame (95)
   (You found it on level 11 of the Dungeon)
 D - a wand of digging (31)
   (You found it on level 12 of the Dungeon)
Scrolls
 b - 11 scrolls of immolation {!r}
 d - 15 scrolls of fog
 f - 12 scrolls of vulnerability {!r!r}
 l - 4 scrolls of blinking {!r}
 p - 7 scrolls of silence
 t - 13 scrolls of teleportation
 H - 5 scrolls of poison {!r}
 L - 3 scrolls of summoning
 Q - 8 scrolls of torment {!r}
 R - 4 scrolls of fear
 S - 4 scrolls of revelation
Potions
 a - 15 potions of ambrosia
 c - 21 potions of curing
 e - 4 potions of enlightenment
 h - 8 potions of heal wounds
 j - 11 potions of haste
 k - a potion of berserk rage {!q}
 q - 4 potions of mutation {!q!q}
 s - 5 potions of resistance
 v - 7 potions of attraction {!q}
 E - 6 potions of cancellation
 G - 9 potions of might
 N - 5 potions of magic
 T - 4 potions of invisibility
Miscellaneous
 F - a phial of floods
   (You found it on level 3 of the Lair of Beasts)
 K - a sack of spiders
   (You found it in an ice cave)
 O - a phantom mirror
   (You found it on level 1 of the Snake Pit)


   Skills:
 + Level 24.9 Fighting
 - Level 24.5 Dodging
 + Level 22.3 Stealth
 + Level 26.7 Unarmed Combat
 - Level 5.0 Evocations
 * Level 22.9 Shapeshifting


You had 23 spell levels left.
You didn't know any spells.
Your spell library was empty.

Dungeon Overview and Level Annotations

Branches:
Dungeon (15/15)            Temple (0/1) D:4            Lair (5/5) D:11
 Shoals (4/4) Lair:2        Snake (4/4) Lair:3        Slime (0/5) Lair:5
    Orc (2/2) D:11            Elf (3/3) Orc:2        Vaults (5/5) D:13
  Crypt (1/3) Vaults:2     Depths (4/4) D:15            Zot (3/5) Depths:4
  IceCv (visited)

Altars:
Fedhas
Gozag
Sif Muna
Trog
Uskayaw
Wu Jian
Xom
Yredelemnul
The Shining One
Jiyva

Shops:
D:2 (   D:11 !   D:13 *   D:15 *   Orc:2 ([*?   Elf:3 *   Shoals:3 *
Snake:2 (=   Snake:3 =?*   Snake:4 :=:

Portals:
Hell: Depths:1 Depths:2 Depths:3 Depths:4
Abyss: D:10 Depths:2 Depths:3 Depths:4
Pandemonium: Depths:2
Ziggurat: Depths:4
Trove: Vaults:3 (show abyssal rune of Zot)

Annotations:
D:6 1 runed translucent door, Crazy Yiuf
D:7 2 transporters, dertzug's ghost, novice AtFi
D:10 2 transporters, McKennaii's ghost, novice DgCj
Lair:1 3 runed translucent doors, Quickbrownfox's ghost, journeyman OpSh
Lair:4 2 transporters, exclusion: oklob plant, Nodun's ghost, journeyman TrFi
Lair:5 1 runed translucent door
Depths:1 exclusion: orange crystal statue, Boris
Depths:3 1 runed translucent door, xzight's ghost, legendary MiBe
Depths:4 1 runed translucent door, Qiwept's ghost, veteran BaIE


Innate Abilities, Weirdness & Mutations

You are a lightning-filled tempest!
Your electrical attacks strike out in all directions at once.
You are incredibly evasive.
Your insubstantial body is immune to petrification, constriction, and being set on fire You are flying.
Your maximum health is decreased, since you lack skill for your form.
You are immune to poison.
((You have sharp claws.))
((You have razor-sharp teeth.))
You have supernaturally acute eyesight. (SInv)
((Your thick and shaggy fur keeps you warm. (AC +3, rC+)))
((Your paws help you pounce on unaware monsters.))
You are incapable of wielding weapons or throwing items.
You cannot wear armour.
You gain extra lives every three experience levels.


Message History

The white draconian stormcaller invokes the aid of Qazlal against you.
Qazlal smites you! The yellow draconian spits acid at you.
The glob of acid hits you!! The acid corrodes you!
The electric golem blinks!
Your skin crawls.
You feel strong-willed.
A red film seems to cover your vision as you go berserk!
You feel yourself moving faster!
You feel mighty! The yellow draconian spits acid at you.
The glob of acid hits you!
You blast the yellow draconian!!!!
You batter the yellow draconian!!
You kill the yellow draconian!
Trog accepts your kill.
You blast the electric golem!!!
You blast the electric golem!!!
Your punch misses the electric golem.
The electric golem hurls lightning at you.
The bolt of lightning misses you.
You batter the electric golem!! Your punch misses the electric golem.
You closely miss the electric golem.
The electric golem blinks!
The white draconian stormcaller prays to Qazlal.
You hit the death drake. You punch the death drake!!
The electric golem blinks!
You closely miss the death drake.
You blast the death drake!!!
Lightning courses through the death drake!!
You kill the death drake!
The death drake's corpse disappears in a puff of smoke!
The white draconian stormcaller calls down the wrath of Qazlal upon you.
The blast of rubble hits you.
The electric golem blinks!
The purple draconian breathes dispelling energy at you.
The bolt of dispelling energy misses you.
You feel a strong urge to attack something.
The white draconian stormcaller invokes the aid of Qazlal against you.
The blast of magma engulfs you! You partially resist.
The white draconian stormcaller calls down the wrath of Qazlal upon you.
Qazlal smites you!
* * * LOW HITPOINT WARNING * * *
You are too berserk!
Unknown command.
You are no longer berserk.
You are exhausted.
You feel yourself slow down.
The white draconian stormcaller mumbles some strange prayers to Qazlal.
Aiming: Dig
Press: ? - help, Shift-Dir - straight line A rock wall.
The rock shatters into small pieces.
The swamp drake disappears in a puff of smoke!
The lindwurm disappears in a puff of smoke!
The purple draconian completely misses you.
The purple draconian completely misses you.
The white draconian stormcaller mumbles some strange prayers to Qazlal against you.
Qazlal smites you!
* * * LOW HITPOINT WARNING * * *
You feel the effects of Trog's Hand fading.
The purple draconian breathes dispelling energy at you.
The bolt of dispelling energy misses you.
The purple draconian attacks as it pursues you!
The purple draconian completely misses you.
You batter the purple draconian!! You punch the purple draconian.
The purple draconian hits you with a +0 long sword.
* * * LOW HITPOINT WARNING * * *
You closely miss the purple draconian.
You are no longer corroded.
You block the purple draconian's attack.
You blast the purple draconian!!!
Lightning courses through the purple draconian!!
You kill the purple draconian!
Trog accepts your kill.
Your skin stops crawling.
You feel less strong-willed.
The green draconian breathes poison at you.
The blast of poison misses you.
The electric golem blinks!
The white draconian stormcaller mumbles some strange prayers to Qazlal against you.
Qazlal smites you!
* * * LOW HITPOINT WARNING * * *
The electric golem blinks!
The green draconian completely misses you.
The lindwurm disappears in a puff of smoke!
The white draconian stormcaller mumbles some strange prayers to Qazlal against you.
Qazlal smites you!
* * * LOW HITPOINT WARNING * * *
The electric golem hurls lightning at you.
The bolt of lightning misses you.
The green draconian completely misses you.
You hear an angry hiss.
You blast the electric golem!!!!
You destroy the electric golem!
Trog accepts your kill.
The white draconian stormcaller breathes frost at you.
The blast of cold misses you.
The white draconian stormcaller mumbles some strange prayers to Qazlal against you.
Qazlal smites you!
* * * LOW HITPOINT WARNING * * *
The green draconian completely misses you.
The white draconian stormcaller prays to Qazlal.
The wind drake flaps its wings at you. The air twists around and strikes you!
You die...

#####
######+#.....
#....<........
#.............
#.............
#..v^.........
#............
#............
#....d.q##+##
#.......'k.#
#.......#kk##
##+####.#...#
##q.#.# ##k#†#


You could see a green draconian, 2 draconians, a wind drake (summoned, repels
missiles) and 2 swamp drakes.

Vanquished Creatures
  A dread lich (Vaults:5)
  Frederick (Depths:4)
  An ancient lich (Vaults:5)
  The ghost of Sofait the Black Belt, a legendary GnFE of Okawaru (Zot:2)
  Mara (Vaults:4)
  A juggernaut (Depths:4)
  The ghost of Muataran the Slayer, a veteran MiMo of Yredelemnul (Zot:2)
  Saint Roka (Crypt:1)
  A caustic shrike (Depths:3)
  A curse toe (Zot:2)
  7 golden dragons
  the Enchantress (Depths:1)
  An electric golem (Zot:3)
  9 tentacled monstrosities
  A walking crystal tome (Depths:3)
  A lich (Depths:3)
  2 deep elf master archers (Elf:3)
  3 deep elf blademasters
  7 quicksilver dragons
  5 sphinxes
  2 titans
  8 shadow dragons
  10 tengu reavers
  5 death cobs
  Aizul (Shoals:1)
  6 storm dragons
  Roxanne (Snake:1)
  3 draconian knights (Zot:1)
  4 nagarajas
  4 protean progenitors (Zot:2)
  The ghost of lis82 the Devastator, a journeyman DgIE (Shoals:2)
  13 frost giants
  A draconian monk (Zot:2)
  5 draconian shifters
  11 fire giants
  4 ghost moths
  A balrug (Depths:3)
  An iron dragon (Vaults:3)
  7 deep elf sorcerers
  11 vault wardens
  4 draconian scorchers
  2 deep elf elementalists
  5 orc warlords
  3 draconian stormcallers
  A reaper (Depths:3)
  A draconian annihilator (Depths:4)
  30 ironbound preservers
  22 stone giants
  17 very ugly things
  4 spriggan defenders
  4 formless jellyfish
  4 ironbound thunderhulks
  8 deep elf death magi
  11 deep elf demonologists
  8 black draconians
  7 vampire knights
  4 green draconians
  6 red draconians
  2 war gargoyles
  3 deep elf annihilators
  10 purple draconians
  9 spark wasps
  4 yellow draconians
  4 dire elephants
  4 white draconians
  An eidolon (Crypt:1)
  4 merfolk javelineers
  16 ettins
  7 fire dragons
  5 merfolk impalers (Shoals:4)
  An entropy weaver (Vaults:3)
  A crystal guardian (Vaults:3)
  6 deep elf high priests
  Josephine (Lair:5)
  20 yaktaur captains
  4 rakshasas
  4 great orbs of eyes
  25 vault guards (Vaults:5)
  An entropy weaver (shapeshifter) (D:12)
  4 salamander tyrants
  6 ice dragons
  A spriggan zombie (Crypt:1)
  An ogre mage (Vaults:3)
  4 jorogumos (Zot:2)
  8 centaur warriors
  2 catoblepae
  2 alligator snapping turtles
  5 ironbound frosthearts
  2 peacekeepers (Vaults:3)
  14 anacondas
  An elf skeleton (Crypt:1)
  6 hydras
  6 spriggan air magi
  A sphinx zombie (Depths:1)
  3 death knights
  6 boulder beetles
  18 dancing weapons
  8 deep troll shamans
  3 tengu warriors
  6 naga warriors
  19 naga sharpshooters
  4 satyrs
  15 death yaks
  3 occultists
  11 deep troll earth magi
  A sphinx skeleton (Vaults:2)
  6 orc high priests
  4 two-headed ogres
  7 spriggan berserkers
  4 vampire magi
  Nergalle (D:10)
  16 hell knights
  10 spriggans
  2 shock serpents
  6 skysharks
  A soul eater (Vaults:2)
  12 deep elf knights
  3 flayed ghosts
  3 orb spiders (Zot:1)
  3 salamander mystics
  10 iron trolls
  98 deep trolls
  5 skeletal warriors (Crypt:1)
  2 bog bodies (IceCv)
  A snapping turtle (shapeshifter) (Vaults:5)
  8 mana vipers
  8 sea snakes
  7 deep elf archers
  A steelbarb worm (shapeshifter) (D:13)
  2 glowing orange brains
  3 arcanists
  8 large abominations (Depths:4)
  Pikel (D:6)
  11 necromancers
  14 lindwurms
  11 naga ritualists
  2 bunyip skeletons (Crypt:1)
  6 phantasmal warriors
  17 ironbound convokers
  16 deep elf pyromancers
  17 deep elf zephyrmancers
  10 harpies
  11 orc knights
  23 ugly things
  An iron dragon zombie (Depths:1)
  2 human zombies
  7 orc sorcerers
  19 fauns
  13 manticores
  22 elephants
  4 kobold blastminers (Orc:2)
  8 cyclopes
  Maurice (D:8)
  10 merfolk sirens
  16 salamanders
  50 black mambas
  16 moths of wrath
  A frost giant skeleton (Vaults:2)
  An ice statue (IceCv)
  18 vault sentinels
  A fire giant skeleton (Depths:1)
  18 naga magi
  4 cane toads
  Maggie (D:8)
  A guardian serpent (Snake:4)
  7 water nymphs
  2 gargoyles (D:11)
  4 unseen horrors
  3 freezing wraiths
  34 yaktaurs
  A yaktaur (shapeshifter) (Depths:2)
  Jeremiah (D:8)
  5 rime drakes
  2 tengu conjurers (D:15)
  A komodo dragon (Lair:1)
  2 merfolk (shapeshifter)
  3 polar bears
  A queen bee (Lair:1)
  5 trolls
  A polar bear (shapeshifter) (D:13)
  26 merfolk
  2 tarantellas (Zot:1)
  14 blink frogs
  8 wind drakes
  13 hornets
  2 spectral merfolk (Shoals:2)
  Grinder (D:5)
  5 snapping turtles
  6 dream sheep (Shoals:1)
  A jumping spider (Vaults:3)
  A spectral manticore (Shoals:2)
  6 water elementals
  A frost giant simulacrum (Vaults:2)
  17 slime creatures
  2 air elementals
  An ettin zombie (Crypt:1)
  Sigmund (D:6)
  51 yaks
  Eustachio (D:6)
  10 wraiths
  2 wyverns
  4 shadows
  A dire elephant simulacrum (IceCv)
  3 fire elementals
  Grum (D:8)
  3 basilisks
  A human simulacrum (Vaults:2)
  A warg (Elf:3)
  8 vampire mosquitoes
  2 death yak simulacra (IceCv)
  A redback (Vaults:3)
  3 chaos spawn (Depths:4)
  5 steam dragons
  A harpy simulacrum (IceCv)
  7 water moccasins
  2 acid dragons
  50 nagas
  A hydra simulacrum (IceCv)
  33 orc warriors
  8 laughing skulls
  2 ice beasts
  3 black bears
  4 small abominations (Depths:4)
  3 boggarts (D:15)
  10 wolves
  7 ogres
  7 centaurs
  2 phantoms
  3 kobold brigands (D:9)
  6 elf zombies (Elf:1)
  10 bullfrogs
  3 gnoll sergeants
  An earth elemental (Elf:3)
  7 two-headed ogre simulacra (IceCv)
  2 human skeletons (Vaults:1)
  4 scorpions
  An elephant simulacrum (IceCv)
  36 killer bees
  A snapping turtle simulacrum (Shoals:2)
  2 electric eels (Lair:3)
  3 howler monkeys
  A bombardier beetle (D:5)
  5 hounds
  2 jellies
  4 gnoll boudas
  23 orc priests
  3 iguanas
  3 sleepcaps
  24 orc wizards
  5 hell rats (Lair:3)
  2 polar bear simulacra (IceCv)
  6 troll simulacra (IceCv)
  10 spriggan simulacra
  2 wolf simulacra (IceCv)
  30 gnolls
  11 adders
  7 naga simulacra (IceCv)
  A shadow imp (D:7)
  4 white imps
  10 ufetubi
  5 ribbon worms
  6 dart slugs
  103 orcs
  6 ball pythons
  7 endoplasms
  3 giant cockroaches
  9 goblins
  8 hobgoblins
  8 jackals
  10 kobolds
  3 quokkas (D:2)
  10 bats
  8 frilled lizards
  A rat (D:2)
1998 creatures vanquished.

Vanquished Creatures (collateral kills)
  An ancient lich (Vaults:5)
  Sojobo (Vaults:4)
  Zenata (Vaults:4)
  A storm dragon (Zot:2)
  A stone giant (Vaults:5)
  A deep elf death mage (Elf:3)
  An ironbound thunderhulk (Vaults:1)
  A deep elf annihilator (Elf:3)
  A vault guard (Vaults:5)
  A yaktaur captain (Vaults:5)
  An anaconda (Snake:4)
  Erica (D:10)
  A dancing weapon (Elf:2)
  A naga warrior (Snake:4)
  A deep troll (Vaults:1)
  3 ironbound convokers
  A deep elf pyromancer (Elf:2)
  A phantasmal warrior (Vaults:5)
  A spectral alligator snapping turtle (Shoals:2)
  A moth of wrath (Zot:2)
  3 fauns (Shoals:1)
  A black mamba (Snake:4)
  A vault sentinel (Vaults:5)
  A spectral sea snake (Shoals:2)
  A yaktaur (Vaults:1)
  A wind drake (Shoals:1)
  A spectral merfolk (Shoals:2)
  A spriggan (Depths:1)
  A water elemental (Shoals:1)
  4 nagas (Snake:4)
  A spectral snapping turtle (Shoals:2)
  An orc warrior (Orc:2)
  A satyr simulacrum (Shoals:2)
  A manticore simulacrum (Shoals:2)
  An orc (D:10)
42 creatures vanquished.

Vanquished Creatures (others)
  A merfolk aquamancer (Shoals:1)
  A deep elf zephyrmancer (Elf:1)
  A moth of wrath (Zot:1)
  2 nagas
  An electric eel (shapeshifter) (Vaults:5)
  An orc wizard (Elf:3)
  2 orcs
9 creatures vanquished.

Grand Total: 2049 creatures vanquished

Notes
Turn   | Place    | Note
-------+----------+-------------------------------------------
     0 | D:1      | RKaid the Felid Berserker began the quest for the Orb.
     0 | D:1      | Reached XP level 1. HP: 12/12 MP: 2/2
   157 | D:1      | Reached XP level 2. HP: 14/16 MP: 3/3
   539 | D:1      | Reached XP level 3. HP: 20/20 MP: 4/4
  1082 | D:2      | Reached ** piety under Trog
  1364 | D:2      | Found Suciunt's Weapon Boutique.
  1544 | D:2      | Reached skill level 4 in Unarmed Combat
  1573 | D:2      | Reached XP level 4. HP: 24/24 MP: 5/5
  1573 | D:2      | Gained a life (2 lives remaining)
  2093 | D:2      | Reached skill level 5 in Dodging
  2438 | D:3      | Reached XP level 5. HP: 29/29 MP: 6/6
  2550 | D:3      | Found an ornate altar of the Wu Jian Council.
  3085 | D:4      | Reached skill level 4 in Fighting
  3107 | D:4      | Reached *** piety under Trog
  3120 | D:4      | Noticed an ogre
  3127 | D:4      | Killed an ogre
  3128 | D:4      | Reached skill level 5 in Unarmed Combat
  3128 | D:4      | Reached skill level 1 in Shapeshifting
  3337 | D:4      | Gained mutation: You are covered in thick fur. (AC +2)
                  | [Felid growth]
  3337 | D:4      | Reached XP level 6. HP: 33/33 MP: 7/7
  3478 | D:4      | Noticed a hornet
  3543 | D:4      | Found an opulent altar of Gozag.
  3719 | D:4      | Found a staircase to the Ecumenical Temple.
  3950 | D:5      | Entered Level 5 of the Dungeon
  4001 | D:5      | Reached skill level 2 in Shapeshifting
  4116 | D:5      | Reached XP level 7. HP: 31/38 MP: 5/8
  4168 | D:5      | Noticed Grinder
  4173 | D:5      | Reached skill level 6 in Dodging
  4175 | D:5      | Killed Grinder
  4176 | D:5      | Reached skill level 6 in Unarmed Combat
  4176 | D:5      | Reached skill level 3 in Shapeshifting
  4185 | D:5      | HP: 4/38 [iguana (8)]
  4386 | D:5      | Reached skill level 5 in Fighting
  4394 | D:5      | Reached XP level 8. HP: 38/43 MP: 7/9
  4594 | D:5      | Reached skill level 4 in Shapeshifting
  4630 | D:5      | You fall into a shaft and drop 3 floors!
  4737 | D:7      | Reached skill level 7 in Unarmed Combat
  4914 | D:6      | Noticed Eustachio
  4919 | D:6      | Noticed Pikel
  4922 | D:6      | Reached skill level 7 in Dodging
  4930 | D:6      | Killed Pikel
  4931 | D:6      | Reached skill level 5 in Shapeshifting
  4940 | D:6      | Killed Eustachio
  4941 | D:6      | Reached XP level 9. HP: 46/48 MP: 8/10
  5049 | D:6      | Noticed Sigmund
  5063 | D:6      | HP: 11/48 [Sigmund/magic dart (4)]
  5064 | D:6      | Reached skill level 8 in Unarmed Combat
  5066 | D:6      | Killed Sigmund
  5067 | D:6      | Reached skill level 6 in Fighting
  5149 | D:6      | Reached **** piety under Trog
  5414 | D:6      | Reached skill level 8 in Dodging
  5848 | D:6      | Found a runed translucent door.
  5849 | D:6      | Noticed Crazy Yiuf
  5904 | D:6      | Noticed a troll
  5911 | D:6      | Killed a troll
  6225 | D:7      | Reached skill level 6 in Shapeshifting
  6478 | D:7      | Found a basalt altar of Yredelemnul.
  6483 | D:7      | Found a hide-covered altar of Uskayaw.
  6664 | D:7      | Found a transporter.
  6665 | D:7      | Noticed dertzug's ghost (novice AtFi)
  6667 | D:7      | Noticed a moth of wrath
  6684 | D:7      | Found a transporter.
  6907 | D:7      | Reached skill level 9 in Unarmed Combat
  6957 | D:7      | Found a glowing golden altar of the Shining One.
  7225 | D:8      | Noticed Grum
  7375 | D:8      | Reached XP level 10. HP: 28/53 MP: 5/11
  7390 | D:8      | Killed Grum
  7504 | D:8      | Noticed Maggie
  7519 | D:8      | Killed Maggie
  7520 | D:8      | Reached skill level 9 in Dodging
  7520 | D:8      | HP: 7/52 [gnoll/bolt of light[a gnoll sergeant] (13)]
  7520 | D:8      | HP: 2/52 [gnoll/+0 spear[a gnoll sergeant] (5)]
  7532 | D:8      | HP: 12/52 [unseen horror (9)]
  7552 | D:8      | Reached skill level 7 in Fighting
  7695 | D:8      | Reached skill level 7 in Shapeshifting
  7723 | D:8      | Reached skill level 10 in Unarmed Combat
  7927 | D:8      | Noticed Maurice
  7941 | D:8      | Killed Maurice
  7945 | D:8      | Noticed Jeremiah
  8062 | D:8      | Killed Jeremiah
  8688 | D:9      | Reached skill level 10 in Dodging
  9220 | D:9      | Reached XP level 11. HP: 60/60 MP: 10/12
  9515 | D:9      | Reached skill level 11 in Unarmed Combat
  9756 | D:10     | Entered Level 10 of the Dungeon
  9762 | D:9      | Reached skill level 8 in Fighting
  9790 | D:10     | Noticed Nergalle
  9801 | D:10     | Killed Nergalle
  9802 | D:10     | Noticed Erica
  9817 | D:10     | Paralysed by Erica for 3 turns
  9820 | D:10     | HP: 14/60 [Erica/+0 scimitar of flaming (5)]
  9821 | D:10     | Shot with a bolt by an orc warrior
  9821 | D:10     | Lost a life (1 life remaining)
 10007 | D:10     | Paralysed by Erica for 4 turns
 10016 | D:10     | HP: 13/60 [Erica/+0 scimitar of flaming (3)]
 10017 | D:10     | HP: 5/60 [Erica/+0 scimitar of flaming (2)]
 10018 | D:10     | Killed Erica
 10019 | D:10     | Reached skill level 8 in Shapeshifting
 10368 | D:10     | Noticed a sixfirhy
 10399 | D:10     | Found a transporter.
 10401 | D:10     | Found a one-way gate to the infinite horrors of the Abyss.
 10401 | D:10     | Noticed McKennaii's ghost (novice DgCj)
 10402 | D:10     | Found a transporter.
 10486 | D:10     | Reached skill level 11 in Dodging
 10691 | D:11     | Found a staircase to the Lair.
 10720 | D:10     | HP: 15/60 [yak (12)]
 10721 | D:10     | HP: 4/60 [yak (12)]
 11055 | D:11     | Reached skill level 12 in Unarmed Combat
 11203 | D:11     | Found Jelefuub's Distillery.
 11206 | D:11     | Bought a potion of curing for 42 gold pieces
 11206 | D:11     | Bought a potion of curing for 42 gold pieces
 11363 | D:11     | Noticed a two-headed ogre
 11377 | D:11     | Killed a two-headed ogre
 11722 | D:11     | Reached skill level 9 in Fighting
 11898 | D:11     | Gained mutation: Your thick and shaggy fur keeps you warm.
                  | (AC +3, rC+) [Felid growth]
 11898 | D:11     | Reached XP level 12. HP: 49/66 MP: 7/13
 11898 | D:11     | Gained a life (2 lives remaining)
 12491 | D:11     | Found a staircase to the Orcish Mines.
 12639 | Lair:1   | Entered Level 1 of the Lair of Beasts
 12791 | Lair:1   | HP: 17/68 [killer bee (6)]
 12796 | Lair:1   | HP: 13/68 [poisoned by a killer bee]
 12796 | Lair:1   | HP: 5/68 [killer bee (3)]
 12797 | Lair:1   | Slain by a killer bee
 12797 | Lair:1   | Lost a life (1 life remaining)
 12887 | Lair:1   | You fall into a shaft and drop 1 floor!
 13156 | Lair:2   | Found a blossoming altar of Fedhas.
 13159 | Lair:2   | Noticed a boulder beetle
 13165 | Lair:2   | Reached skill level 12 in Dodging
 13179 | Lair:2   | Killed a boulder beetle
 13219 | Lair:2   | Noticed a catoblepas
 13335 | Lair:1   | Noticed a boulder beetle
 13348 | Lair:1   | Killed a boulder beetle
 13349 | Lair:1   | Reached skill level 13 in Unarmed Combat
 13402 | Lair:1   | HP: 23/106 [killer bee (5)]
 13407 | Lair:1   | HP: 13/71 [poisoned by a killer bee]
 13412 | Lair:1   | HP: 16/71 [killer bee (1)]
 13421 | Lair:1   | HP: 16/71 [killer bee (2)]
 14289 | Lair:1   | Found a runed translucent gate.
 14289 | Lair:1   | Found a runed translucent gate.
 14290 | Lair:1   | Found a runed translucent gate.
 14291 | Lair:1   | Noticed an 11-headed hydra
 14291 | Lair:1   | Noticed Quickbrownfox's ghost (journeyman OpSh)
 14292 | Lair:1   | Noticed a nine-headed hydra
 14364 | Lair:1   | Reached skill level 9 in Shapeshifting
 14680 | Lair:2   | Killed a catoblepas
 15048 | Lair:2   | Identified the +1 robe of the Eternal Fruit {rCorr Int+5}
 15090 | Lair:2   | Found a staircase to the Shoals.
 15565 | Lair:3   | Identified a scroll of acquirement
 15567 | Lair:3   | Acquired a manual of Shapeshifting
 15753 | Lair:3   | Reached skill level 10 in Fighting
 15825 | Lair:3   | Found a staircase to the Snake Pit.
 15887 | Lair:3   | Noticed a death yak
 15894 | Lair:3   | Noticed a death yak
 15895 | Lair:3   | Noticed a death yak
 15896 | Lair:3   | Noticed a death yak
 15898 | Lair:3   | Killed a death yak
 15898 | Lair:3   | Noticed a death yak
 15904 | Lair:3   | HP: 13/76 [death yak (15)]
 15904 | Lair:3   | Mangled by a death yak
 15904 | Lair:3   | Lost a life (0 lives remaining)
 16431 | Lair:3   | Noticed a death yak
 16432 | Lair:3   | Noticed a death yak
 16434 | Lair:3   | Noticed a death yak
 16435 | Lair:3   | Noticed a death yak
 16436 | Lair:3   | Noticed a death yak
 16440 | Lair:3   | Killed a death yak
 16444 | Lair:3   | Killed a death yak
 16445 | Lair:3   | Reached skill level 13 in Dodging
 16447 | Lair:3   | Killed a death yak
 16454 | Lair:3   | Killed a death yak
 16455 | Lair:3   | Reached skill level 14 in Unarmed Combat
 16455 | Lair:3   | Reached XP level 13. HP: 49/72 MP: 5/14
 16455 | Lair:3   | Gained a life (1 life remaining)
 17078 | Lair:4   | Found a transporter.
 17156 | Lair:4   | Noticed Nodun's ghost (journeyman TrFi)
 17161 | Lair:4   | Found a bloodstained altar of Trog.
 17255 | Lair:4   | Reached skill level 10 in Shapeshifting
 17335 | Lair:4   | Found a transporter.
 17698 | Lair:4   | HP: 30/129 [death yak (11)]
 18175 | Lair:4   | Reached skill level 11 in Fighting
 18175 | Lair:4   | Reached skill level 14 in Dodging
 18175 | Lair:4   | Reached skill level 15 in Unarmed Combat
 18869 | Lair:5   | Entered Level 5 of the Lair of Beasts
 18870 | Lair:5   | Noticed Josephine
 18930 | Lair:4   | Reached skill level 11 in Shapeshifting
 19287 | Lair:5   | Killed Josephine
 19303 | Lair:5   | Reached ***** piety under Trog
 19327 | Lair:5   | HP: 21/88 [yak (12)]
 20097 | Lair:5   | Reached XP level 14. HP: 79/79 MP: 15/15
 20097 | Lair:5   | Gained a life (2 lives remaining)
 20164 | Lair:5   | Found a runed translucent door.
 20165 | Lair:5   | Noticed an acid blob
 20166 | Lair:5   | Found a viscous altar of Jiyva.
 20168 | Lair:5   | Found a staircase to the Slime Pits.
 20750 | Lair:5   | Identified the +6 sling "Sovviz" {antimagic, Will+ Dex+4}
 21216 | D:12     | Reached skill level 16 in Unarmed Combat
 21399 | D:12     | Noticed a fire giant
 21757 | D:12     | Reached skill level 15 in Dodging
 21763 | D:12     | Killed a fire giant
 21764 | D:12     | Reached skill level 12 in Shapeshifting
 22470 | D:13     | Reached skill level 12 in Fighting
 22860 | D:13     | Reached skill level 1 in Stealth
 23097 | D:13     | Found Zithiux's Assorted Antiques.
 23208 | D:13     | Found a gate to the Vaults.
 23393 | Orc:1    | Entered Level 1 of the Orcish Mines
 23404 | Orc:1    | Reached skill level 2 in Stealth
 23879 | Orc:2    | Entered Level 2 of the Orcish Mines
 23933 | Orc:2    | Found a frozen archway.
 23987 | IceCv    | Entered an ice cave
 24221 | IceCv    | Found the +8 frozen axe "Frostbite" {freeze, freezing
                  | cloud, *Noise Fly rC+}
 24227 | IceCv    | Reached skill level 3 in Stealth
 25415 | Orc:2    | Found a staircase to the Elven Halls.
 25542 | Orc:2    | HP: 20/80 [lindwurm/blast of flame (22)]
 25751 | Orc:2    | Reached ****** piety under Trog
 25918 | Orc:2    | Reached skill level 4 in Stealth
 25921 | Orc:2    | Found Byassum's Magic Scroll Shop.
 25975 | Orc:2    | Bought a scroll of summoning for 123 gold pieces
 25975 | Orc:2    | Bought a scroll of teleportation for 39 gold pieces
 25975 | Orc:2    | Bought a scroll of identify for 26 gold pieces
 26122 | Orc:2    | Noticed an orc warlord
 26157 | Orc:2    | HP: 11/81 [orc warlord/+0 war axe (19)]
 26529 | Orc:2    | Killed an orc warlord
 26530 | Orc:2    | Reached XP level 15. HP: 62/85 MP: 9/16
 26988 | Orc:2    | Found Moty's Assorted Antiques.
 27217 | Orc:2    | Reached skill level 5 in Stealth
 27295 | Orc:2    | Reached skill level 13 in Shapeshifting
 27404 | Orc:2    | Reached skill level 16 in Dodging
 27586 | Orc:2    | Found Yzaggiuv's Antique Weapon Boutique.
 27598 | Orc:2    | Found Daepsian's Antique Armour Shop.
 28659 | D:15     | Entered Level 15 of the Dungeon
 28667 | D:15     | Found the +11 plutonium sword {^Contam Stlth-}
 28701 | D:15     | Reached skill level 17 in Unarmed Combat
 28734 | D:15     | HP: 38/152 [very large slime creature[a boggart] (50)]
 28737 | D:15     | HP: 2/152 [deep elf pyromancer/bolt of fire[a boggart]
                  | (18)]
 28739 | D:15     | Slain by a purple ugly thing
 28739 | D:15     | Lost a life (1 life remaining)
 29108 | D:15     | HP: 13/102 [ettin/+0 dire flail (23)]
 29109 | D:15     | HP: 4/102 [ettin/+0 dire flail (9)]
 29109 | D:15     | Mangled by an ettin
 29109 | D:15     | Lost a life (0 lives remaining)
 29110 | D:15     | Found Oleezxal's Assorted Antiques.
 29421 | D:15     | Found a staircase to the Depths.
 29647 | D:15     | Reached skill level 13 in Fighting
 30268 | Snake:1  | Entered Level 1 of the Snake Pit
 30316 | Snake:1  | Acquired a manual of Fighting
 30557 | Snake:1  | Noticed Roxanne
 30573 | Snake:1  | Killed Roxanne
 30875 | Snake:1  | Reached skill level 14 in Shapeshifting
 30955 | Snake:1  | Reached skill level 17 in Dodging
 31058 | Snake:1  | Reached skill level 14 in Fighting
 31308 | Snake:1  | Reached XP level 16. HP: 93/93 MP: 17/17
 31308 | Snake:1  | Gained a life (1 life remaining)
 32320 | Snake:2  | Reached skill level 15 in Fighting
 32688 | Snake:2  | Found Ymosmeff's Jewellery Boutique.
 32692 | Snake:2  | Found Kantaop's Antique Weapon Boutique.
 32726 | Snake:2  | Reached skill level 18 in Dodging
 32733 | Snake:2  | Reached skill level 18 in Unarmed Combat
 33093 | Snake:3  | Found Kaiddotu's Book Shop.
 33102 | Snake:3  | Found Hapnuss's Assorted Antiques.
 33102 | Snake:3  | Found Archel's Magic Scroll Boutique.
 33106 | Snake:3  | Found Migh's Jewellery Boutique.
 33116 | Snake:3  | Bought a scroll of teleportation for 57 gold pieces
 33116 | Snake:3  | Bought a scroll of teleportation for 57 gold pieces
 33116 | Snake:3  | Bought a scroll of fear for 76 gold pieces
 33584 | Snake:3  | Reached skill level 15 in Shapeshifting
 33966 | Snake:4  | Entered Level 4 of the Snake Pit
 33978 | Snake:4  | Reached skill level 16 in Fighting
 34017 | Snake:4  | Found Ofaolli's Book Emporium.
 34017 | Snake:4  | Found Viocarir's Jewellery Shop.
 34018 | Snake:4  | Found Peaguen's Book Emporium.
 34565 | Snake:4  | Reached XP level 17. HP: 100/100 MP: 18/18
 35054 | Snake:4  | Reached skill level 19 in Dodging
 35344 | Snake:4  | Got a serpentine rune of Zot
 35598 | Shoals:1 | Entered Level 1 of the Shoals
 35598 | Shoals:1 | Identified the serpent talisman of Responsibility {rCorr
                  | MP+9 Dex+2 Slay+2}
 35598 | Shoals:1 | Noticed Aizul
 35613 | Shoals:1 | Killed Aizul
 35620 | Shoals:1 | Reached skill level 17 in Fighting
 36420 | Shoals:1 | HP: 22/127 [faun/+0 spear[a satyr] (23)]
 36421 | Shoals:1 | HP: 10/127 [wind drake/the air (14)]
 36424 | Shoals:1 | Killed from afar by a wind drake
 36424 | Shoals:1 | Lost a life (0 lives remaining)
 36857 | Shoals:2 | Found a runed translucent gate.
 36857 | Shoals:2 | Found a runed translucent gate.
 36857 | Shoals:2 | Found a runed translucent gate.
 36937 | Shoals:2 | Noticed lis82's ghost (journeyman DgIE)
 36957 | Shoals:2 | Reached skill level 19 in Unarmed Combat
 37599 | Shoals:2 | Killed lis82's ghost
 37680 | Shoals:2 | Acquired a manual of Shapeshifting
 37727 | Shoals:3 | Reached skill level 18 in Fighting
 37829 | Shoals:3 | Reached skill level 20 in Dodging
 37981 | Shoals:3 | Reached skill level 16 in Shapeshifting
 38060 | Shoals:3 | Found Navogobiulu's Assorted Antiques.
 38236 | Shoals:3 | Bought a glowing bone ring for 100 gold pieces
 38236 | Shoals:3 | Bought a scroll of poison for 80 gold pieces
 38473 | Shoals:3 | Reached XP level 18. HP: 86/109 MP: 19/19
 38715 | Shoals:4 | Entered Level 4 of the Shoals
 39107 | Shoals:4 | Got a barnacled rune of Zot
 39232 | Shoals:4 | Identified the ring "Jeix" {^Drain rElec Will+ rCorr MP+9}
 39946 | D:13     | Bought a potion of heal wounds for 195 gold pieces
 39991 | Vaults:1 | Entered Level 1 of the Vaults
 40556 | Vaults:1 | Reached skill level 17 in Shapeshifting
 40583 | Vaults:1 | Reached skill level 21 in Dodging
 40584 | Vaults:1 | HP: 19/143 [ironbound frostheart/creeping frost (27)]
 41361 | Vaults:2 | Reached skill level 20 in Unarmed Combat
 41381 | Vaults:2 | Reached skill level 19 in Fighting
 41381 | Vaults:2 | Reached skill level 6 in Stealth
 41706 | Vaults:2 | Identified the +9 sling "Yxzyok" {flame, rElec Int+3 Dex+3}
 41706 | Vaults:2 | Identified the +9 spear of a Labyrinth {holy, rN+ Str+3
                  | Int+6}
 41706 | Vaults:2 | Identified the ring "Suaju" {+Blink Fly rN+ Int+3}
 41710 | Vaults:2 | Reached XP level 19. HP: 116/116 MP: 20/20
 41710 | Vaults:2 | Gained a life (1 life remaining)
 41719 | Vaults:2 | HP: 9/150 [deep elf annihilator/crystal spear (69)]
 41719 | Vaults:2 | HP: 1/150 [ironbound preserver/+0 great mace (8)]
 41728 | Vaults:2 | HP: 29/150 [deep troll[an ironbound preserver] (3)]
 41730 | Vaults:2 | HP: 14/150 [yaktaur captain/bolt (19)]
 41732 | Vaults:2 | HP: 2/150 [boulder beetle (10)]
 41738 | Vaults:2 | HP: 1/150 [deep troll[an ironbound preserver] (11)]
 41762 | Vaults:2 | HP: 36/150 [ironbound preserver/sling bullet (3)]
 41768 | Vaults:2 | HP: 30/150 [ironbound thunderhulk/bolt of lightning (11)]
 41773 | Vaults:2 | HP: 20/150 [yaktaur captain (16)]
 41783 | Vaults:2 | Reached skill level 7 in Stealth
 42027 | Vaults:2 | Identified the ring "Xiluplan" {Fly rPois Str+4}
 42094 | Vaults:2 | Found a staircase to the Crypt.
 42102 | Vaults:2 | Reached skill level 8 in Stealth
 43148 | Vaults:3 | Reached skill level 18 in Shapeshifting
 43344 | Vaults:3 | Reached skill level 9 in Stealth
 43441 | Vaults:3 | Reached skill level 20 in Fighting
 43481 | Vaults:3 | Reached skill level 21 in Unarmed Combat
 43490 | Vaults:3 | Reached skill level 22 in Dodging
 43808 | Vaults:3 | Reached skill level 10 in Stealth
 44021 | Vaults:3 | Found a portal to a secret trove of treasure.
 44237 | Vaults:4 | Noticed Mara
 44243 | Vaults:4 | Noticed RKaid's illusion
 44251 | Vaults:4 | Killed Mara
 44252 | Vaults:4 | Reached XP level 20. HP: 92/124 MP: 21/21
 44762 | Vaults:4 | Noticed Sojobo
 44773 | Vaults:4 | Killed Sojobo
 44814 | Vaults:4 | Reached skill level 21 in Fighting
 45009 | Vaults:4 | Noticed Zenata
 45016 | Vaults:4 | HP: 39/163 [+5 scimitar of freezing[Zenata] (4)]
 45016 | Vaults:4 | Killed from afar by Zenata
 45016 | Vaults:4 | Lost a life (0 lives remaining)
 45078 | Vaults:4 | Reached skill level 22 in Unarmed Combat
 45412 | Vaults:4 | Killed Zenata
 45413 | Vaults:4 | Reached skill level 19 in Shapeshifting
 45890 | Elf:1    | Entered Level 1 of the Elven Halls
 46028 | Orc:2    | Reached skill level 23 in Dodging
 47141 | Elf:2    | Identified the ring "Dedghyirch" {rC+ rCorr Str-2 Int+5
                  | Slay+2}
 47425 | Elf:2    | Found a runed translucent gate.
 47427 | Elf:2    | Found a runed translucent gate.
 47430 | Elf:2    | Found a runed translucent gate.
 47861 | Elf:2    | Reached skill level 22 in Fighting
 47977 | Elf:3    | Entered Level 3 of the Elven Halls
 48200 | Elf:3    | Found the +8 storm bow {elec, penet}
 48757 | Elf:3    | Reached XP level 21. HP: 132/132 MP: 22/22
 48791 | Elf:3    | Found Pegubb's Assorted Antiques.
 49034 | Elf:3    | Reached skill level 23 in Unarmed Combat
 49118 | Elf:3    | HP: 39/171 [deep elf master archer/arrow (21)]
 49125 | Elf:3    | HP: 61/257 [deep elf master archer/arrow (3)]
 49129 | Elf:3    | HP: 25/257 [deep elf master archer/arrow (26)]
 49482 | Elf:3    | HP: 38/172 [Executioner[a deep elf demonologist] (17)]
 49521 | Elf:3    | HP: 40/172 [???[a deep elf demonologist] (10)]
 49984 | Elf:3    | Found Pegubb's Assorted Antiques.
 50644 | Elf:3    | Identified the +4 scimitar "Joidyose" {drain, Dex+4 Stlth+}
 50671 | Elf:3    | Identified the +5 halberd of Qibe {flame, Dex+5}
 50703 | Elf:3    | Identified the ring "Zoss" {+Blink rF++ rC+}
 51037 | Depths:1 | Entered Level 1 of the Depths
 51054 | Depths:1 | Found a gateway to Hell.
 51085 | Depths:1 | Reached skill level 1 in Evocations
 51107 | Depths:1 | Reached skill level 2 in Evocations
 51207 | Depths:1 | Found a shimmering blue altar of Sif Muna.
 51212 | Depths:1 | Noticed Boris
 51327 | Depths:1 | Reached skill level 3 in Evocations
 51336 | Depths:1 | Reached skill level 24 in Dodging
 51379 | Depths:1 | Noticed the Enchantress
 51397 | Depths:1 | Killed the Enchantress
 51414 | Depths:1 | HP: 40/172 [spriggan air mage/bolt of lightning[the
                  | Enchantress] (10)]
 51421 | Depths:1 | Reached skill level 4 in Evocations
 51764 | Depths:1 | Reached skill level 5 in Evocations
 52415 | Depths:2 | Reached skill level 23 in Fighting
 52522 | Depths:2 | Found a one-way gate leading to the halls of Pandemonium.
 53290 | Depths:3 | Reached XP level 22. HP: 140/140 MP: 23/23
 53290 | Depths:3 | Gained a life (1 life remaining)
 53462 | Depths:3 | Reached skill level 20 in Shapeshifting
 53522 | Depths:3 | Reached skill level 11 in Stealth
 53601 | Depths:3 | Acquired a manual of Stealth
 53636 | Depths:3 | Found a runed translucent door.
 53755 | Depths:3 | Noticed xzight's ghost (legendary MiBe)
 53957 | Depths:3 | Reached skill level 12 in Stealth
 54485 | Depths:3 | Reached skill level 13 in Stealth
 54497 | Depths:3 | You fall into a shaft and drop 1 floor!
 54497 | Depths:4 | Entered Level 4 of the Depths
 54497 | Depths:4 | Noticed Qiwept's ghost (veteran BaIE)
 54497 | Depths:4 | Found a runed translucent door.
 54497 | Depths:4 | Found a shimmering altar of Xom.
 54887 | Depths:3 | Noticed a caustic shrike
 54904 | Depths:3 | Killed a caustic shrike
 54905 | Depths:3 | Reached skill level 24 in Unarmed Combat
 55138 | Depths:4 | Identified the orb "Ijeulor" {*channel, Int+3}
 55138 | Depths:4 | Noticed Frederick
 55228 | Depths:4 | Killed Frederick
 55264 | Depths:4 | Reached skill level 14 in Stealth
 55423 | Depths:4 | Noticed a golden dragon
 55440 | Depths:4 | Killed a golden dragon
 55444 | Depths:4 | Noticed a juggernaut
 55461 | Depths:4 | Killed a juggernaut
 55623 | Depths:4 | Noticed a golden dragon
 55670 | Depths:4 | Found a gate to the Realm of Zot.
 55687 | Depths:4 | Killed a golden dragon
 55707 | Depths:4 | Reached skill level 15 in Stealth
 55932 | Depths:4 | Identified the +1 leather armour of the Akabeko {MP+9}
 56067 | Depths:4 | Reached XP level 23. HP: 145/145 MP: 24/24
 56131 | Depths:4 | Found a one-way gateway to a ziggurat.
 56560 | Vaults:5 | Entered Level 5 of the Vaults
 56569 | Vaults:5 | Reached skill level 21 in Shapeshifting
 56578 | Vaults:5 | Reached skill level 16 in Stealth
 56618 | Vaults:5 | Noticed a dread lich
 56618 | Vaults:5 | Noticed an ancient lich
 56629 | Vaults:5 | Killed a dread lich
 56636 | Vaults:5 | Killed an ancient lich
 56643 | Vaults:5 | Reached skill level 24 in Fighting
 56809 | Vaults:5 | Reached skill level 17 in Stealth
 56825 | Vaults:5 | Identified the +7 war axe of Kismet {heavy, ^Contam rPois
                  | rCorr Dex+5}
 56880 | Vaults:5 | Noticed an ancient lich
 56882 | Vaults:5 | Reached skill level 25 in Unarmed Combat
 56892 | Vaults:5 | Killed an ancient lich
 57336 | Vaults:5 | Reached skill level 18 in Stealth
 57741 | Vaults:5 | Identified the amulet "Gappih" {Faith Fly Int+3}
 57749 | Vaults:5 | Identified the ring of Lusilekk {^Contam rF+ rCorr Dex+3
                  | Stlth+}
 57831 | Vaults:5 | HP: 35/189 [yaktaur captain (19)]
 57836 | Vaults:5 | Reached skill level 19 in Stealth
 57838 | Vaults:5 | HP: 17/191 [tengu reaver/bolt of acid (31)]
 57840 | Vaults:5 | HP: 6/191 [tengu reaver/+0 long sword (13)]
 58082 | Vaults:5 | Got a silver rune of Zot
 58593 | Vaults:5 | Upgraded the game from 0.31.0-12-g77e489cdc1 to
                  | 0.31.0-32-g396128a36d
 58897 | Snake:2  | Bought a talisman of death for 1120 gold pieces
 59208 | Elf:3    | Bought a potion of haste for 360 gold pieces
 59208 | Elf:3    | Bought a scroll of teleportation for 108 gold pieces
 59208 | Elf:3    | Bought a potion of heal wounds for 180 gold pieces
 59446 | D:15     | Bought a potion of haste for 360 gold pieces
 59446 | D:15     | Bought a potion of resistance for 360 gold pieces
 59589 | Crypt:1  | Entered Level 1 of the Crypt
 59741 | Crypt:1  | Noticed Saint Roka
 59756 | Crypt:1  | HP: 42/191 [orc priest/divine providence[Saint Roka] (16)]
 59761 | Crypt:1  | HP: 25/191 [orc high priest/divine providence[Saint Roka]
                  | (10)]
 59767 | Crypt:1  | HP: 20/191 [Saint Roka/divine providence (12)]
 59770 | Crypt:1  | HP: 8/191 [orc high priest/divine providence[Saint Roka]
                  | (16)]
 59790 | Crypt:1  | HP: 35/191 [Saint Roka/divine providence (13)]
 60140 | Crypt:1  | Reached XP level 24. HP: 152/152 MP: 24/24
 60150 | Crypt:1  | Reached skill level 22 in Shapeshifting
 60160 | Crypt:1  | Killed Saint Roka
 60513 | Zot:1    | Entered Level 1 of the Realm of Zot
 60650 | Zot:1    | Reached skill level 20 in Stealth
 60874 | Zot:1    | You fall into a shaft and drop 1 floor!
 60921 | Zot:2    | Reached skill level 26 in Unarmed Combat
 61556 | Zot:1    | Identified the +0 glaive "Guluk" {flame, rPois rC+}
 61864 | Zot:1    | Reached skill level 21 in Stealth
 61989 | Zot:2    | HP: 49/198 [jorogumo[a protean progenitor] (11)]
 61994 | Zot:2    | HP: 4/198 [jorogumo[a protean progenitor] (29)]
 61995 | Zot:2    | Killed from afar by a jorogumo
 61995 | Zot:2    | Lost a life (0 lives remaining)
 62149 | Zot:2    | Found a runed translucent gate.
 62149 | Zot:2    | Found a runed translucent gate.
 62149 | Zot:2    | Found a runed translucent gate.
 62167 | Zot:2    | Noticed Sofait's ghost (legendary GnFE)
 62167 | Zot:2    | Noticed Muataran's ghost (veteran MiMo)
 62360 | Zot:2    | Killed Muataran's ghost
 62374 | Zot:2    | Killed Sofait's ghost
 62441 | Zot:2    | Identified the ring "Waawev" {EV+5 Int+2}
 62685 | Zot:2    | Reached skill level 22 in Stealth
 63265 | Zot:3    | HP: 33/151 [white draconian stormcaller/divine providence[a
                  | white draconian stormcaller] (13)]
 63274 | Zot:3    | HP: 33/151 [white draconian stormcaller/divine providence[a
                  | white draconian stormcaller] (9)]
 63277 | Zot:3    | HP: 7/151 [white draconian stormcaller/divine providence
                  | (14)]
 63278 | Zot:3    | Killed from afar by a wind drake

Illustrated notes

Levels and vault maps discovered:
D:1:      matt_arrival_refuge, layout_loops_corners, amethyst_killhole,
          serial_bayou_pond_c
D:2:      layout_loops_corners, serial_shops, shop, grunt_ministairs_7,
          minmay_joined_circles
D:3:      layout_rooms, mainiacjoe_overflow_brackets, minivault_5
D:4:      layout_loops_ring, grunt_gozag_statues,
          minmay_temple_entry_butterflies, minmay_manual_mullet
D:5:      layout_rooms, uniq_grinder
D:6:      layout_loops_ring, nicolae_overflow_hidden_temple, uniq_pikel,
          uniq_eustachio, uniq_sigmund, uniq_crazy_yiuf_cottage
D:7:      layout_cave_pools, grunt_temple_overflow_open,
          nicolae_tso_swordbearing_angel, gammafunk_ghost_berserking_beasts
D:8:      layout_loops_cross, uniq_maggie, uniq_grum, uniq_jeremiah,
          uniq_maurice
D:9:      layout_rooms
D:10:     layout_rooms, gammafunk_ghost_abyssal_escape, uniq_nergalle,
          uniq_erica
D:11:     minmay_recursive_quarters, layout_small_grid,
          erik_lair_orcish_takeover, david_orc_4, serial_shops,
          nicolae_shop_window_shopping
D:12:     layout_gridville, onia_ninara_dug_in_and_dangerous
D:13:     layout_long_grid, david_vaults_4, serial_shops, kennysheep_mini
D:14:     minmay_diamond_stairs, layout_rooms, amcnicky_mini_pool_small
D:15:     hangedman_depths_entry_civil_slaughter, layout_basic, serial_shops,
          nicolae_shop_advertising_works [nicolae_subvault_shop_adworks]
Lair:1:   layout_roguey [special_room_bee], gammafunk_ghost_hydra_chop
Lair:2:   layout_small_grid, mainiacjoe_shoals_entry_four_pools, basic_altar,
          lemuel_fruit_tree
Lair:3:   layout_hall_layers, minmay_snake_entry_guardpost_medium,
          beast_lair_carwin_11, serial_bayou_shore_a
Lair:4:   layout_cave_pods, gammafunk_ghost_wrathful_warriors,
          grunt_forest_stairs_basic
Lair:5:   grunt_lair_end_beastmaster, layout_hall_layers, slime_entry_2,
          st_stairs_4, lemuel_fruit_fields, uniq_josephine
Shoals:1: layout_shoals, nicolae_shoals_drake_roost, uniq_aizul
Shoals:2: layout_shoals, gammafunk_ghost_necromancy
Shoals:3: layout_shoals, serial_shops, shop, nicolae_shoals_seven_spires
Shoals:4: shoals_end_grunt_ice, layout_shoals
Snake:1:  layout_concentric_octagons, drop_trap, uniq_roxanne
Snake:2:  layout_grid_shapes, minmay_shop_star
Snake:3:  layout_cave_town, minmay_shoptagon
Snake:4:  minmay_snake_end_coiled, layout_chambers,
          nicolae_snake_gridmaze_swirls, minmay_shop_grove
Orc:1:    layout_caves, basic_altar, nicolae_orc_quarried_blocks
Orc:2:    grunt_orc_community_town_hall, layout_caves,
          grunt_orc_community_big_house_1, grunt_orc_community_big_house_2,
          grunt_orc_community_house_1, grunt_orc_community_house_1,
          grunt_orc_community_house_3, grunt_orc_community_house_1,
          portal_ice_cave_entry_pillars_1, nicolae_volcano_entry_vermiform,
          mines1_david
Elf:1:    eino_elf_arrival_the_gate, layout_geoelf_octagon,
          minmay_elf_necromancy, abandoned_shop
Elf:2:    elven_hall_of_blades_hangedman_original
          [nicolae_vaults_blade_armed_guards], layout_loops_cross,
          serial_library_regret_index_double_sided
Elf:3:    elf_hall, layout_onion_city, serial_shops, nicolae_shop_rolling_square
Vaults:1: hangedman_vaults_locks, v_misc_28,
          nicolae_vaults_offset_grid_hallway_1, kb_rosetta,
          hangedman_vaults_snaps, ontoclasm_vaults_chip,
          nicolae_vaults_diagonal_hallway_6, nicolae_vaults_puzzle_piece,
          v_misc_10, vaults_room_hallway, ontoclasm_vaults_gateway,
          nicolae_vaults_hexular_roomagon, layout_vaults_omnibox
Vaults:2: lightli_enter_wizlab_magi_temple, v_misc_13, nicolae_vaults_house_2,
          minmay_crypt_entry_simple_statues, nicolae_vaults_storage_room_water,
          nicolae_vaults_alarming, nicolae_vaults_sightless_eye,
          nicolae_vaults_surprise_closet, v_misc_27,
          nicolae_vaults_storing_the_good_stuff, nicolae_vaults_surprise_closet,
          layout_vaults_omnigrid
Vaults:3: ontoclasm_vaults_shout, nicolae_vaults_big_ls,
          dpeg_vaults_monster_row, nicolae_vaults_apartment_2, v_misc_5,
          nicolae_vaults_circle_grid_a, ontoclasm_vaults_chip,
          ontoclasm_vaults_misaligned, nicolae_vaults_bisected_exclaves,
          layout_vaults_omnicross, nicolae_trove_entry_free_sample, uniq_margery
Vaults:4: hangedman_vaults_impose, nicolae_vaults_offset_grid_hallway_1,
          nicolae_vaults_tetromino_Z_1, vaults_room_fours, v_rooms_2,
          nicolae_vaults_little_squares_5, v_alt_pattern_1,
          vaults_standard_mumra_x, nicolae_vaults_stepped_doors, v_pattern_1,
          nicolae_vaults_turnstiles, nicolae_vaults_security_offices_2,
          nicolae_vaults_little_squares_3, vaults_dpeg_ring, layout_vaults_ring,
          uniq_sojobo, uniq_zenata, uniq_mara
Vaults:5
Crypt:1:  layout_gridlike, grunt_crypt_arrival_split, uniq_saint_roka,
          uniq_donald, uniq_josephina
Depths:1: layout_cross, nicolae_cairo_tiling_large, hell_entry,
          hangedman_decor_lopped, minivault_16, hangedman_decor_slide_cut,
          nicolae_sif_muna_condensation, uniq_enchantress, uniq_boris
Depths:2: hangedman_cross_stitches, layout_small_grid,
          roderic_lattice_octagonal_star, grunt_metal_band, pan_entry,
          abyss_entry
Depths:3: minmay_the_grid_four_pointed_star
          [minmay_the_grid_triangle_9x9_thin_v,
          minmay_the_grid_triangle_9x9_zippers_horizontal,
          minmay_the_grid_triangle_9x9_from_above,
          minmay_the_grid_triangle_9x9_checkered,
          minmay_the_grid_prize_trominoes], layout_basic,
          nicolae_abyss_entry_one_way_or_another, pf_dread_powers_of_hell,
          minmay_misc_feat_enclosed, ebering_ghost_inner_flame,
          evilmike_minifort
Depths:4: grunt_zot_entry_funnels, layout_twisted_cross, enter_ziggurat_c,
          grunt_hell_entry_dis_grunt, hangedman_abyss_or_decor_clamps,
          ebering_ghost_xom, minmay_room_of_horrors, uniq_frederick
Zot:1:    layout_gridlike, hangedman_spider_trapstep
Zot:2:    kennysheep_spiral_hall, layout_gridlike,
          hangedman_zot_diagonal_lockstep, gammafunk_ghost_cemetery,
          regret_index_zotdec_slimy_original
Zot:3:    layout_gridlike

Skill      XL: |  1  2  3  4  5  6  7  8  9 10 11 12 13 14 15 16 17 18 19 20 21 22 23 24 |
---------------+-------------------------------------------------------------------------+-----
Unarmed Combat | 4 5 6 7 9 10 12 14 15 16 17 18 19 20 21 22 23 24 25 26 | 26.7
Dodging        | 5 6 7 8 10 11 13 14 15 17 18 20 21 22 23 24 | 24.5
Fighting       | 4 5 6 7 9 10 11 12 14 16 18 19 20 22 23 24 | 24.9
Shapeshifting  | 1 2 3 5 6 7 8 9 11 12 14 15 16 17 18 19 20 21 22 | 22.9
Stealth        | 4 5 6 10 15 19 22 | 22.3
Evocations     | 5 |  5.0

Action                     |  1- 3 |  4- 6 |  7- 9 | 10-12 | 13-15 | 16-18 | 19-21 | 22-24 || total
---------------------------+-------+-------+-------+-------+-------+-------+-------+-------++-------
  Melee: Unarmed           |    92 |   169 |   261 |   738 |  1088 |  1169 |  1129 |   982 ||  5628
         Bite              |     3 |    17 |    42 |    84 |    77 |   159 |   154 |   158 ||   694
         Punch             |       |     2 |    16 |       |    50 |   151 |   191 |   199 ||   609
         Constrict         |       |       |       |    61 |    86 |       |       |       ||   147
 Invoke: Berserk           |     3 |     4 |     9 |    29 |    32 |     5 |     5 |     4 ||    91
         Trog's Hand       |       |       |     2 |     6 |     3 |     3 |     8 |     6 ||    28
         Brothers in Arms  |       |       |       |     2 |     2 |     4 |     9 |     8 ||    25
Ability: Evoke Blink       |       |       |       |       |       |       |     1 |     1 ||     2
  Evoke: Wand              |       |       |       |     3 |    11 |     4 |     2 |     3 ||    23
    Use: Scroll            |     2 |     7 |     4 |    13 |     6 |     2 |     3 |     6 ||    43
         Potion            |       |       |       |     3 |       |     2 |     6 |    10 ||    21
   Stab: Sleeping          |     4 |     3 |     1 |       |     6 |    13 |    26 |    19 ||    72
         Distracted        |       |       |     1 |       |     2 |     6 |     7 |     2 ||    18
         Paralysed         |       |       |       |       |     2 |       |       |       ||     2
         Invisible         |       |       |       |       |       |     1 |       |       ||     1
 Armour: Skin              |    24 |    32 |    81 |   330 |   476 |   516 |   489 |   482 ||  2430
  Dodge: Dodged            |    57 |   109 |   216 |   891 |  1037 |  2118 |  1906 |  1485 ||  7819
  Block: Other             |       |       |       |       |    16 |   214 |   279 |   200 ||   709
         Reflection        |       |       |       |       |     3 |    12 |    19 |    11 ||    45
   Form: Flux              |       |       |     1 |       |       |       |       |       ||     1
         Serpent           |       |       |       |     1 |     3 |       |       |       ||     4
         Blade             |       |       |       |       |     2 |       |       |       ||     2
         Statue            |       |       |       |       |     2 |       |       |       ||     2
         Storm             |       |       |       |       |       |       |       |     1 ||     1

Table legend: (Time is in decaauts)
 A = Elapsed time spent in this place.
 B = Non-inter-level travel time spent in this place.
 C = Inter-level travel time spent in this place.
 D = Time resting spent in this place.
 E = Time spent auto-exploring this place.
 F = Levels seen in this place.
 G = Mean time per level.
                   A        B        C        D        E       F      G
               +--------+--------+--------+--------+--------+-----+--------+
         Total |  77852 |  70887 |   6965 |  18613 |  34608 |  47 | 1656.4 |
       Dungeon |  18662 |  16632 |   2030 |   5181 |   8135 |  15 | 1244.1 |
          Lair |   8924 |   8058 |    866 |   3012 |   3627 |   5 | 1784.8 |
        Shoals |   6635 |   6359 |    276 |   1325 |   3524 |   4 | 1658.8 |
     Snake Pit |   7480 |   7042 |    438 |   1240 |   3824 |   4 | 1870.0 |
  Orcish Mines |   3599 |   3314 |    285 |   1518 |   1016 |   2 | 1799.5 |
   Elven Halls |   7362 |   6255 |   1107 |    846 |   3232 |   3 | 2454.0 |
        Vaults |  11933 |  10937 |    996 |   2510 |   5639 |   5 | 2386.6 |
         Crypt |    730 |    664 |     66 |    230 |    102 |   1 |  730.0 |
        Depths |   7737 |   7083 |    654 |   1377 |   3684 |   4 | 1934.2 |
           Zot |   3358 |   3115 |    243 |    523 |   1515 |   3 | 1119.3 |
      Ice Cave |   1428 |   1428 |      0 |    844 |    306 |   1 | 1428.0 |
               +--------+--------+--------+--------+--------+-----+--------+

Top non-repeatable levels by time:
   Elf:3: 4113 daAuts
Vaults:5: 2912 daAuts
Depths:3: 2765 daAuts
Vaults:2: 2687 daAuts
   Orc:2: 2601 daAuts
  Lair:4: 2358 daAuts
Vaults:4: 2292 daAuts
Vaults:1: 2267 daAuts
 Snake:4: 2136 daAuts
 Snake:1: 2122 daAuts
   Zot:1: 1963 daAuts
  Lair:1: 1958 daAuts
Shoals:1: 1923 daAuts
    D:11: 1900 daAuts
   Elf:2: 1810 daAuts

Table legend:
 A = Kills in this place as a percentage of kills in the entire game.
 B = Kills by you in this place as a percentage of kills by you in the entire game.
 C = Kills by friends in this place as a percentage of kills by friends in the entire game.
 D = Other kills in this place as a percentage of other kills in the entire game.
 E = Experience gained in this place as a percentage of experience gained in the entire game.
 F = Experience gained in this place divided by the number of levels of this place that you have seen.
                   A       B       C       D       E      F
               +-------+-------+-------+-------+-------+----------------------
         Total | 100.0 | 100.0 | 100.0 | 100.0 | 100.0 | 24010.8
       Dungeon |  19.2 |  19.6 |   4.8 |   0.0 |   4.9 | 3719.7
          Lair |   7.8 |   8.0 |   0.0 |   0.0 |   4.5 | 10167.6
        Shoals |   7.6 |   7.2 |  26.2 |  25.0 |   6.8 | 19096.2
     Snake Pit |  10.3 |  10.1 |  16.7 |  50.0 |   9.5 | 26884.5
  Orcish Mines |   6.4 |   6.5 |   2.4 |   0.0 |   1.7 | 9740.5
   Elven Halls |   6.1 |   6.0 |   9.5 |  25.0 |   7.7 | 28897.7
        Vaults |  20.1 |  19.9 |  33.3 |   0.0 |  30.3 | 68452.4
         Crypt |   1.6 |   1.6 |   0.0 |   0.0 |   1.8 | 20529.0
        Depths |  12.7 |  13.0 |   2.4 |   0.0 |  20.5 | 57811.0
           Zot |   5.6 |   5.7 |   4.8 |   0.0 |  11.8 | 44372.3
      Ice Cave |   2.5 |   2.6 |   0.0 |   0.0 |   0.4 | 4623.0
               +-------+-------+-------+-------+-------+----------------------
